 Dungeon Crawl Stone Soup version 0.29.1-15-g9cfb28693d (webtiles) character file.

Game seed: 10689044779991611446

36 pokedragonboy the Ruffian (level 3, 0/31 HPs)
             Began as a Naga Transmuter on Mar 10, 2023.
             Slain by an orc
             ... wielding a +0 trident
              (5 damage)
             ... on level 3 of the Dungeon.
             The game lasted 00:02:32 (1609 turns).

pokedragonboy the Ruffian (Naga Transmuter)         Turns: 1609, Time: 00:02:32

Health: 0/31       AC:  3    Str: 12    XL:     3   Next: 37%
Magic:  6/6        EV: 10    Int: 15    God:
Gold:   41         SH:  0    Dex: 11    Spells: 5/6 levels left

rFire   . . .      SeeInvis +     - Unarmed
rCold   . . .      Faith    .   (no shield)
rNeg    . . .      Spirit   .   a - +1 robe
rPois   +          Reflect  .   (no helmet)
rElec   .          Harm     .   (no cloak)
rCorr   .          Rampage  .   (no gloves)
Will    .....                   (no barding)
Stlth   +.........              (no amulet)
HPRegen 0.10/turn               (no ring)
MPRegen 0.10/turn               (no ring)

@: very slow
A: AC +1, large, see invisible, deformed body, poison resistance, slowness 2,
spit poison 1, naga tail 1
a: Spit Poison


You were on level 3 of the Dungeon.
You visited 1 branch of the dungeon, and saw 3 of its levels.

You collected 41 gold pieces.

Inventory:

Armour
 a - a +1 robe (worn)
Scrolls
 c - a scroll of noise
 f - a scroll of butterflies {unknown}
 h - a scroll of teleportation {unknown}
Potions
 e - a potion of curing {unknown}


   Skills:
 + Level 1.4 Fighting
 + Level 1.9 Dodging
 * Level 3.3 Unarmed Combat
 + Level 2.2 Spellcasting
 * Level 2.5 Transmutations


You had 5 spell levels left.
You knew the following spells:

 Your Spells              Type           Power      Damage    Failure   Level
a - Beastly Appendage     Tmut           18%        N/A       8%          1

Your spell library contained the following spells:

 Spells                   Type           Power      Damage    Failure   Level
 Wereblood                Tmut           9%         N/A       12%         2
 Spider Form              Tmut/Pois      5%         N/A       36%         3
 Ice Form                 Ice/Tmut       5%         N/A       78%         4


Dungeon Overview and Level Annotations

Branches:
Dungeon (3/15)

Altars:

Annotations:
D:2 Sigmund


Innate Abilities, Weirdness & Mutations

Your serpentine skin is tough. (AC +1)
You have supernaturally acute eyesight. (SInv)
Armour fits poorly on your strangely shaped body.
Your system is resistant to poisons. (rPois)
You cover ground very slowly.
You can spit poison.
You have a snake-like lower body.


Message History

Aiming: Spit Poison (2% risk of failure)
Press: ? - help, Shift-Dir - straight line, f - jackal
Aim: a jackal (heavily wounded, 50% to hit)
The splash of poison hits the jackal.
The jackal is poisoned.
You kill the jackal!
You feel sick. The adder bites you. x2
You feel sick. The adder attacks as you move away!
The adder bites you but does no damage.
You feel sick.
You are no longer poisoned.
The adder closely misses you.
You have got your breath back.
The adder bites you but does no damage. The adder bites you.
* * * LOW HITPOINT WARNING * * *
Sigmund gestures wildly while chanting.
Sigmund flickers and vanishes for a moment.
The adder barely misses you.
Found a stone staircase leading down.
Sigmund says, "You will soon forget everything."
The adder closely misses you.
There is a stone staircase leading down here.
The adder bites you.
* * * LOW HITPOINT WARNING * * *
You climb downwards.
The orc wizard shouts!
The orc shouts! x3; You hear a shout!
Found a scroll labelled HAUNTE RUYKLYPN.
There is a stone staircase leading up here.
Okay, then.
As you read the scroll labelled PIONOO GOPENG, it crumbles to dust.
It is a scroll of enchant armour.
Your +0 robe glows green for a moment.
The adder closely misses you.
The orc wizard hits you but does no damage.
The orc closely misses you.
The air fills with toxic fumes!
As you read the scroll labelled OTHRAXTYUSCH, it crumbles to dust.
It was a scroll of poison.
The adder barely misses you. The adder bites you but does no damage.
The orc wizard closely misses you. The orc hits you with a +0 trident.
You die... §§# #§# #§# ###§### §§§§§ oo§

#o# #@#
#oS§§§§§§
#§###§###
#§# #§#
#§§ ###


You could see an orc wizard, an adder and 3 orcs.

Vanquished Creatures
  2 adders (D:2)
  2 bats (D:1)
  2 endoplasms
  A goblin (D:1)
  A hobgoblin (D:2)
  2 jackals (D:2)
  A quokka (D:1)
  2 ball pythons (D:1)
  3 frilled lizards (D:1)
  A rat (D:1)
17 creatures vanquished.

Notes
Turn   | Place    | Note
-------+----------+-------------------------------------------
     0 | D:1      | pokedragonboy the Naga Transmuter began the quest for the
                  | Orb.
     0 | D:1      | Reached XP level 1. HP: 18/18 MP: 3/3
   348 | D:1      | Reached XP level 2. HP: 25/25 MP: 3/5
   671 | D:1      | Noticed a golden eye
   673 | D:1      | Found a faded altar of an unknown god.
   676 | D:1      | Noticed a great orb of eyes
   683 | D:1      | Noticed a floating eye
   683 | D:1      | Noticed a great orb of eyes
  1093 | D:2      | Noticed Sigmund
  1158 | D:2      | Reached XP level 3. HP: 4/31 MP: 6/6
  1609 | D:3      | Slain by an orc

Illustrated notes

Levels and vault maps discovered:
D:1:      evilmike_arrival_hilbert_curve, layout_loops_ring,
          hellmonk_ecumenical_altar_watching_god
D:2:      layout_rooms, skrybe_limestone_x, uniq_sigmund
D:3:      layout_loops_ring, serial_rivers, chequers_serial_rivers_micro_a,
          chequers_serial_rivers_micro_d, chequers_serial_rivers_micro_a,
          chequers_serial_rivers_micro_c, chequers_serial_rivers_large_a,
          chequers_serial_rivers_micro_b, uniq_grinder, uniq_natasha

Action                   || total
-------------------------++-------
Melee: Unarmed           ||    45
       Headbutt          ||     2
       Punch             ||     1
 Cast: Beastly Appendage ||    11
 Abil: Spit Poison       ||     1
  Use: Scroll            ||     3
       Potion            ||     1
 Stab: Sleeping          ||     2
Armor: Robe              ||     9
       Skin              ||     5
Dodge: Dodged            ||    38
